 Dungeon Crawl Stone Soup version 0.30-a0-310-g7d6cbdfea6 (webtiles) character file.

Game seed: 14469905114761181847

486 LnG the Sneak (level 7, -10/38 HPs)
             Began as a Kobold Summoner on Oct 24, 2022.
             Mangled by an ogre
             ... wielding a +0 giant spiked club
              (19 damage)
             ... on level 4 of the Dungeon.
             The game lasted 00:11:26 (4350 turns).

LnG the Sneak (Kobold Summoner)                     Turns: 4350, Time: 00:11:26

Health: -10/38     AC:  5    Str:  6    XL:     7   Next: 35%
Magic:  8/11       EV: 15    Int: 18    God:
Gold:   340        SH:  0    Dex: 15    Spells: 5/11 levels left

rFire   . . .      SeeInvis .    e - +2 dagger (vamp)
rCold   . . .      Faith    .    (no shield)
rNeg    . . .      Spirit   .    a - +0 robe
rPois   .          Reflect  .    (no helmet)
rElec   .          Harm     .    i - +1 cloak
rCorr   .          Rampage  .    g - +0 pair of gloves
Will    .....                    (no boots)
Stlth   +++++.....               o - amulet of the acrobat
HPRegen 0.26/turn                (no ring)
MPRegen 0.12/turn                (no ring)

@: no status effects
A: small, no large weapons, nightstalker 3
a: no special abilities


You were on level 4 of the Dungeon.
You visited 1 branch of the dungeon, and saw 4 of its levels.

You collected 340 gold pieces.

Inventory:

Hand Weapons
 e - a +2 vampiric dagger (weapon)
Armour
 a - a +0 robe (worn)
 g - a +0 pair of gloves (worn)
 i - a +1 cloak (worn)
Jewellery
 m - an amulet of regeneration
 o - an amulet of the acrobat (around neck)
Wands
 r - a wand of charming (10)
Scrolls
 c - a scroll of poison
 d - a scroll of magic mapping
 k - a scroll of vulnerability
 l - a scroll of immolation {unknown}
 n - a scroll of noise {unknown}
 q - 2 scrolls of teleportation {unknown}
 t - a scroll of blinking {unknown}
 u - a scroll of fear {unknown}
 v - a scroll of enchant weapon {unknown}
Potions
 b - a potion of magic
 f - a potion of might {unknown}
 j - 2 potions of curing {unknown}
 p - 3 potions of attraction {unknown}
 s - a potion of mutation {unknown}


   Skills:
 + Level 1.6 Fighting
 + Level 3.0 Short Blades
 + Level 3.8 Dodging
 * Level 7.5 Stealth
 + Level 2.9 Spellcasting
 + Level 4.8 Summonings


You had 5 spell levels left.
You knew the following spells:

 Your Spells              Type           Power      Damage    Failure   Level
a - Summon Small Mammal   Summ           80%        N/A       2%          1
b - Call Imp              Summ           20%        N/A       3%          2
c - Call Canine Familiar  Summ           20%        N/A       7%          3

Your spell library contained the following spells:

 Spells                   Type           Power      Damage    Failure   Level
 Summon Guardian Golem    Hex/Summ       11%        N/A       19%         3
 Blink                    Tloc           4%         N/A       26%         2
 Momentum Strike          Conj/Tloc      4%         3d8       26%         2
 Scorch                   Fire           4%         2d5       26%         2
 Lesser Beckoning         Tloc           4%         N/A       45%         3
 Portal Projectile        Hex/Tloc       4%         N/A       45%         3
 Tukima's Dance           Hex            2%         N/A       45%         3
 Summon Lightning Spire   Summ/Air       11%        N/A       52%         4
 Flame Wave               Conj/Fire      2%         2d4       86%         4
 Blade Hands              Tmut           1%         N/A       99%         5
 Summon Cactus Giant      Summ           10%        N/A       98%         6


Dungeon Overview and Level Annotations

Branches:
Dungeon (4/15)
 Temple: D:4-7

Altars:


Innate Abilities, Weirdness & Mutations

You are small and have problems with some larger weapons.
You are completely attuned to the shadows.


Message History

The quokka bites you but does no damage.
You hit the quokka.
The quokka is almost dead.
The quokka barely misses you.
You hit the quokka.
You kill the quokka!
No target in view!
Found a scale mail.
You see here a +0 scale mail.
q - 2 scrolls labelled PYINAW ZOLUGAKH (gained 1)
There is a shaft here.
You see here a +0 rapier.
You see here 8 stones.
Found a stone staircase leading down.
There is a stone staircase leading down here.
A worm comes into view.
The helpless worm fails to defend itself.
You skewer the worm like a kebab!!!
You kill the worm!
Found a hand axe.
There is a stone staircase leading up here.
Things that are here:
a +0 dagger; 6 poisoned darts Done exploring.
An ogre comes into view. It is wielding a +0 giant spiked club.
The ogre completely misses you.
You hit the ogre.
The ogre is lightly wounded.
You hit the ogre.
The ogre is lightly wounded.
The ogre hits you with a +0 giant spiked club!!
Ouch! That really hurt!
* * * LOW HITPOINT WARNING * * *
You are too injured to fight recklessly!
You are too injured to fight recklessly!
Casting: Call Canine Familiar (dangerous; 7% risk of failure)
Confirm with . or Enter, or press ? or * to list all spells.
The ogre hits you with a +0 giant spiked club!!
Ouch! That really hurt!
You die...

########.# #.# #.# #.######
##### #......## ##############
#...###.###.#.###............#
#.#........###....##########.#
#...###.###>#.#.O.## #.#
###.####.####.#.@...## #.#
..........# #....h...## #.#
##..####..###.........# #.###
#..# #..##..........# #.>..
##..# #..#...........### ####.
#...# #..#.............# #.
....####............###.# #.
...............#........# #.
##.#.####......##..###### #.


You could see an ogre (ally target) and a friendly hound (summoned).

Vanquished Creatures
  An ogre (D:4)
  A scorpion (D:4)
  Ijyb (D:3)
  An iguana (D:4)
  5 gnolls (D:3)
  4 adders
  A worm (D:4)
  3 dart slugs
  4 ball pythons
  4 endoplasms
  A giant cockroach (D:3)
  37 goblins
  24 hobgoblins
  2 jackals (D:2)
  7 kobolds
  4 quokkas
  6 bats
  4 frilled lizards
  5 rats
115 creatures vanquished.

Vanquished Creatures (collateral kills)
  4 gnolls (D:3)
  An endoplasm (D:2)
  10 goblins
  7 hobgoblins
  A jackal (D:2)
  A kobold (D:3)
24 creatures vanquished.

Vanquished Creatures (others)
  A gnoll (D:3)
1 creature vanquished.

Grand Total: 140 creatures vanquished

Notes
Turn   | Place    | Note
-------+----------+-------------------------------------------
     0 | D:1      | LnG the Kobold Summoner began the quest for the Orb.
     0 | D:1      | Reached XP level 1. HP: 10/10 MP: 3/3
   168 | D:1      | Reached XP level 2. HP: 15/15 MP: 5/5
   171 | D:1      | Learned a level 2 spell: Call Imp
   539 | D:1      | Reached skill level 3 in Stealth
   607 | D:1      | Reached XP level 3. HP: 19/19 MP: 6/6
   844 | D:2      | Found Erozurum's Distillery.
  1000 | D:2      | Reached skill level 4 in Stealth
  1000 | D:2      | Reached XP level 4. HP: 24/24 MP: 7/7
  1247 | D:2      | Reached skill level 5 in Stealth
  1710 | D:3      | Noticed Ijyb
  1730 | D:3      | Killed Ijyb
  1731 | D:3      | Reached XP level 5. HP: 9/28 MP: 8/8
  1868 | D:3      | Reached skill level 1 in Short Blades
  2507 | D:3      | Learned a level 3 spell: Call Canine Familiar
  2569 | D:3      | Reached skill level 6 in Stealth
  2881 | D:3      | Reached XP level 6. HP: 28/33 MP: 7/9
  3154 | D:3      | Reached skill level 1 in Fighting
  3923 | D:4      | Noticed an ogre
  3927 | D:4      | Killed an ogre
  3928 | D:4      | Reached skill level 7 in Stealth
  3928 | D:4      | Reached XP level 7. HP: 38/38 MP: 11/11
  4350 | D:4      | Mangled by an ogre

Illustrated notes

Levels and vault maps discovered:
D:1:      minmay_arrival_four_circles, layout_basic
D:2:      layout_basic, serial_shops, shop_statue
D:3:      minmay_goblin_kobold_castle, layout_loops_cross, serial_park_tiny_2,
          hangedman_abyss_or_decor_stabs, uniq_ijyb
D:4:      layout_loops_ring

Skill      XL: |  1  2  3  4  5  6  7 |
---------------+----------------------+-----
Stealth        | 3 4 5 6 7 |  7.5
Short Blades   | 1 2 3 |  3.0
Dodging        | 3 |  3.8
Fighting       | 1 |  1.6
Spellcasting   | |  2.9
Summonings     | |  4.8

Action                   |  1- 3 |  4- 6 |  7- 9 || total
-------------------------+-------+-------+-------++-------
Melee: Dagger            |    54 |   301 |    19 ||   374
       Punch             |       |     2 |       ||     2
 Cast: Summon Small Mamm |     2 |       |       ||     2
       Call Imp          |       |     4 |       ||     4
       Call Canine Famil |       |    11 |     1 ||    12
  Use: Scroll            |       |     5 |       ||     5
 Stab: Sleeping          |    15 |    18 |     3 ||    36
       Distracted        |     1 |       |       ||     1
Armor: Robe              |     5 |    58 |     2 ||    65
Dodge: Dodged            |    35 |   315 |     9 ||   359

Table legend: (Time is in decaauts)
 A = Elapsed time spent in this place.
 B = Non-inter-level travel time spent in this place.
 C = Inter-level travel time spent in this place.
 D = Time resting spent in this place.
 E = Time spent auto-exploring this place.
 F = Levels seen in this place.
 G = Mean time per level.
                   A        B        C        D        E       F      G
               +--------+--------+--------+--------+--------+-----+--------+
         Total |   4345 |   4218 |    127 |    417 |   2660 |   4 | 1086.2 |
       Dungeon |   4345 |   4218 |    127 |    417 |   2660 |   4 | 1086.2 |
               +--------+--------+--------+--------+--------+-----+--------+

Top non-repeatable levels by time:
     D:3: 2015 daAuts
     D:2: 853 daAuts
     D:1: 749 daAuts
     D:4: 727 daAuts
